 Dungeon Crawl Stone Soup version 0.28.0-53-g5a82cb258f (webtiles) character file.

Game seed: 17069364226611203829

0 Kaptain the Digger (level 1, -1/10 HPs)
             Began as a Gargoyle Earth Elementalist on July 8, 2022.
             Slain by a kobold
             ... wielding a +0 short sword
              (4 damage)
             ... on level 1 of the Dungeon.
             The game lasted 00:00:27 (62 turns).

Kaptain the Digger (Gargoyle Earth Elementalist)      Turns: 62, Time: 00:00:28

Health: -1/10      AC:  4    Str: 11    XL:     1   Next: 10%
Magic:  1/3        EV: 11    Int: 15    God:
Gold:   6          SH:  0    Dex: 10    Spells: 3/4 levels left

rFire   . . .      SeeInvis .   (no weapon)
rCold   . . .      Faith    .   (no shield)
rNeg    + . .      Spirit   .   b - +0 robe
rPois   ∞          Reflect  .   (no helmet)
rElec   +          Harm     .   (no cloak)
rCorr   .          Rampage  .   (no gloves)
Will    .....                   (no boots)
Stlth   ++........              (no amulet)
HPRegen 0.03/turn               (no ring)
MPRegen 0.08/turn               (no ring)

@: no status effects
A: sickness immunity, AC +2, negative energy resistance 1, electricity
resistance, torment resistance 1, petrification resistance
a: no special abilities


You were on level 1 of the Dungeon.
You visited 1 branch of the dungeon, and saw 1 of its levels.

You collected 6 gold pieces.

Inventory:

Missiles
 c - 26 stones
Armour
 b - a +0 robe (worn)


   Skills:
 * Level 0.0 Fighting
 + Level 0.0 Armour
 - Level 1.5 Dodging
 + Level 2.2 Stealth
 * Level 2.0 Spellcasting
 * Level 0.0 Conjurations
 - Level 0.7 Transmutations
 * Level 3.6 Earth Magic


You had 3 spell levels left.
You knew the following spells:

 Your Spells              Type           Power      Damage    Failure   Level
a - Sandblast             Erth           24%        2d8       4%          1

Your spell library contained the following spells:

 Spells                   Type           Power      Damage    Failure   Level
 Passwall                 Tmut/Erth      6%         N/A       14%         2
 Stone Arrow              Conj/Erth      14%        3d7       30%         3
 Petrify                  Tmut/Erth      8%         N/A       65%         4


Dungeon Overview and Level Annotations

Branches:
Dungeon (1/15)

Altars:


Innate Abilities, Weirdness & Mutations

You are immune to sickness and miasma.
Your stone body is resilient. (AC +2)
You are immune to poison.
You resist negative energy. (rN+)
You are resistant to electric shocks. (rElec)
You are resistant to unholy torment.
You are immune to petrification.


Message History

Press: ? - help, Shift-Dir - straight line, f/p - gnoll
Aim: a gnoll, wielding a +0 club (moderately wounded, 82% to hit)
The blast of sand misses the gnoll.
The bat hits you but does no damage.
A goblin comes into view. It is wielding a +0 club.
Casting: Sandblast (safe; 4% risk of failure)
Confirm with . or Enter, or press ? or * to list all spells.
Aiming: Sandblast (safe; 4% risk of failure)
Press: ? - help, Shift-Dir - straight line, f/p - gnoll
Aim: a gnoll, wielding a +0 club (moderately wounded, 82% to hit)
The blast of sand hits the gnoll.
The gnoll is severely wounded.
The goblin shouts!
You hear a shout!
The bat barely misses you. The gnoll hits you with a +0 club.
The bat closely misses you. The bat closely misses you.
The bat closely misses you. The bat hits you but does no damage.
The bat hits you but does no damage. The bat hits you.
The bat barely misses you. The bat hits you but does no damage.
The bat misses you.
Found 15 gold pieces.
The bat closely misses you. The goblin misses you.
A kobold comes into view. It is wielding a +0 short sword.
The bat hits you but does no damage. x2; The goblin hits you with a +0 club.
The kobold shouts!
The bat closely misses you. The goblin hits you but does no damage.
The bat barely misses you. The bat hits you but does no damage.
The bat hits you.
Casting: Sandblast (safe; 4% risk of failure)
Confirm with . or Enter, or press ? or * to list all spells.
Aiming: Sandblast (safe; 4% risk of failure)
Press: ? - help, Shift-Dir - straight line, f - bat, p - gnoll
Aim: a bat (69% to hit)
The blast of sand hits the bat.
You kill the bat!
The kobold hits you with a +0 short sword.
* * * LOW HITPOINT WARNING * * *
The kobold hits you but does no damage.
The kobold hits you with a +0 short sword.
You die...

########### #.........#
#.........# ########
#.........####......#
#...................#
#....†g..........##.#
##..####...#....###.####
###...g.K@.#####...##....#
.........g..# ########.##.#
..#..........###≈≈≈≈≈##'##..
#.........###........8###.
...........##..<.........+.
.##.........###........8####
#.......... ##≈≈≈≈≈##+#
##........## #######
.$.......#


You could see a gnoll, a goblin and a kobold.

Vanquished Creatures
  A bat (D:1)
1 creature vanquished.

Notes
Turn   | Place    | Note
-------+----------+-------------------------------------------
     0 | D:1      | Kaptain the Gargoyle Earth Elementalist began the quest for
                  | the Orb.
     0 | D:1      | Reached XP level 1. HP: 10/10 MP: 3/3
    62 | D:1      | Slain by a kobold

Illustrated notes

Levels and vault maps discovered:
D:1:      wander_arrival_chamber, layout_rooms, ebering_ecumenical_altar_mist

Action                   || total
-------------------------++-------
 Cast: Sandblast         ||     4
Armor: Robe              ||     9
Dodge: Dodged            ||    10
